[Event "Titled Tuesday Blitz July 05 Late 2022"]
[White "Keller, Peter"]
[Black "Romanchuk, Viktor"]
[WhiteFideId "1272105"]
[BlackFideId "14109271"]
[WhiteElo "2275"]
[BlackElo "2242"]
[Result "1/2-1/2"]
[Round "05"]
[TimeControl "180+1"]
[Date "2022.07.06"]
[WhiteClock "0:00:13"]
[BlackClock "0:00:12"]

1. d4 d5 2. Bf4 Nf6 3. e3 c5 4. c3 Nc6 5. Nd2 cxd4 6. exd4 Bf5 7. Ngf3 e6 8. Be2 Be7 9. O-O O-O 10. Nh4 Be4 11. f3 Bg6 12. Nxg6 hxg6 13. Re1 Nh5 14. Be3 Bg5 15. Bf2 Qc7 16. Bf1 Bf4 17. g3 Bd6 18. Bg2 Rab8 19. c4 dxc4 20. Nxc4 Bb4 21. Re2 Nf6 22. a3 Be7 23. Rc1 Rbc8 24. Ne5 Qd6 25. Nc4 Qb8 26. b4 a6 27. Kh1 Rfd8 28. f4 Nd5 29. Rec2 Na7 30. Ne3 Rxc2 31. Rxc2 Nxe3 32. Bxe3 Nb5 33. a4 Nc7 34. Bf2 Bxb4 35. Qb1 a5 36. Qf1 Nd5 37. Qb5 Rc8 38. Rxc8+ Qxc8 39. Bxd5 exd5 40. Qxd5 Qc6 41. Qxc6 bxc6 42. Kg2 f5 43. Kf3 Kf7 44. h3 Ke6 45. Ke2 Kd5 46. Kd3 Be7 47. g4 Bb4 48. Be3 Bd6 49. Bd2 Bc7 50. Be3 Bb6 51. Bf2 Ba7 52. Be3 Bb8 53. Bd2 Bc7 54. Be3 Bb6 55. Bf2 Ba7 56. Be3 Bb6 1/2-1/2


[Site "https://www.chess.com"]

[Event "Titled Tuesday Blitz July 05 Late 2022"]
[White "Kosteniuk, Alexandra"]
[Black "Martins, Bruno Andre Leite"]
[WhiteFideId "4128125"]
[BlackFideId "1942255"]
[WhiteElo "2469"]
[BlackElo "2282"]
[Result "1-0"]
[Round "05"]
[TimeControl "180+1"]
[Date "2022.07.06"]
[WhiteClock "0:00:39"]
[BlackClock "0:00:01"]

1. e4 e5 2. Nf3 d6 3. d4 exd4 4. Nxd4 Nf6 5. Nc3 Be7 6. g3 d5 7. e5 Ng4 8. Bg2 O-O 9. O-O Nxe5 10. Nxd5 Bd6 11. Nb5 c6 12. Nf6+ Qxf6 13. Nxd6 Rd8 14. Ne4 Qe7 15. Qe2 Bg4 16. f3 Be6 17. Re1 Nbd7 18. Ng5 Bc4 19. Qxc4 Qxg5 20. Bxg5 Nxc4 21. Bxd8 Rxd8 22. Rad1 Kf8 23. Bh3 Ncb6 24. c4 Re8 25. Rxe8+ Kxe8 26. b3 a5 27. Kf2 Nc5 28. Bf5 g6 29. Bc2 Ke7 30. h4 Na6 31. g4 Nd7 32. h5 Nf6 33. h6 Nd7 34. f4 Nac5 35. Kf3 Ne6 36. f5 Nec5 37. g5 Nf8 38. a3 gxf5 39. Re1+ Kd8 40. Bxf5 Nxb3 41. Kf4 Nd4 42. c5 Nb3 43. Ke5 Nxc5 44. Kf6 Nce6 45. Kxf7 Nxg5+ 46. Kxf8 1-0


[Site "https://www.chess.com"]

[Event "Titled Tuesday Blitz July 05 Late 2022"]
[White "Kozlov, Gennady"]
[Black "Yuan, Qingyu"]
[WhiteFideId "4191668"]
[BlackFideId "8609772"]
[WhiteElo "2392"]
[BlackElo "2359"]
[Result "0-1"]
[Round "05"]
[TimeControl "180+1"]
[Date "2022.07.06"]
[WhiteClock "0:00:13"]
[BlackClock "0:00:18"]

1. b4 d5 2. Bb2 Nf6 3. e3 Bg4 4. Be2 Bxe2 5. Qxe2 e6 6. a3 Nbd7 7. f4 c5 8. bxc5 Bxc5 9. Nf3 Qb6 10. Bxf6 Nxf6 11. Nc3 O-O 12. O-O Qc7 13. Rfb1 Rfc8 14. Nb5 Qd8 15. c3 Ne4 16. d3 Nf6 17. Kh1 Qe7 18. a4 Bb6 19. Rb3 Ba5 20. Rc1 a6 21. Nbd4 Rc7 22. e4 dxe4 23. dxe4 Rac8 24. c4 Nd7 25. Ng5 h6 26. Rh3 Qf6 27. Rd1 hxg5 28. Qh5 Qh6 29. Qg4 Qg6 30. f5 exf5 31. exf5 Ne5 32. Qe4 Qf6 33. Qd5 Rc5 34. Qxb7 Rd8 35. g3 Rxc4 36. Qe4 Bb6 0-1


[Site "https://www.chess.com"]

[Event "Titled Tuesday Blitz July 05 Late 2022"]
[White "Ladopoulos, Dimitrios"]
[Black "Sibilio, Mario"]
[WhiteFideId "4239580"]
[BlackFideId "800422"]
[WhiteElo "2195"]
[BlackElo "2296"]
[Result "1-0"]
[Round "05"]
[TimeControl "180+1"]
[Date "2022.07.06"]
[WhiteClock "0:00:06"]
[BlackClock "0:00:02"]

1. Nf3 Nf6 2. d4 e6 3. c4 c5 4. Nc3 cxd4 5. Nxd4 Bb4 6. g3 Ne4 7. Qc2 d5 8. Qa4+ Nc6 9. Nxc6 Bxc3+ 10. bxc3 bxc6 11. cxd5 Qxd5 12. Bg2 f5 13. Qd4 e5 14. Qe3 Qc4 15. Bxe4 Qxe4 16. Qxe4 fxe4 17. Be3 Ba6 18. Rd1 Bc4 19. Rd2 Ke7 20. O-O h6 21. Bc5+ Kf7 22. Rd7+ Kg8 23. Rfd1 Bxe2 24. Rb1 Kh7 25. Rbb7 Rhg8 26. Bd6 Rad8 27. Bxe5 Rxd7 28. Rxd7 Kg6 29. h3 Kf5 30. Bxg7 Rb8 31. Bd4 Rb1+ 32. Kh2 Bf3 33. g4+ Kg6 34. Rd6+ Kh7 35. Be3 h5 36. Rh6+ Kg7 37. Rxh5 a6 38. Ra5 Be2 39. Re5 Bd3 40. Re6 Rb2 41. a3 Rb3 42. Rxc6 Rxa3 43. Bd4+ Kf7 44. h4 Be2 45. Kg3 Ra1 46. g5 Rg1+ 47. Kf4 Rg4+ 48. Kf5 Rxh4 49. g6+ Ke7 50. Bf6+ Kd7 51. Bxh4 Kxc6 52. Kf6 Bc4 53. Kg7 a5 54. Kf8 a4 55. Be7 Kd5 56. g7 Ke5 57. g8=Q Bxg8 58. Kxg8 Kf4 59. Kf7 Kf3 60. Bc5 Ke2 61. Ke6 Kd3 62. Bb4 1-0


[Site "https://www.chess.com"]

[Event "Titled Tuesday Blitz July 05 Late 2022"]
[White "Livaic, Leon"]
[Black "Zajic, Milan"]
[WhiteFideId "14531534"]
[BlackFideId "912336"]
[WhiteElo "2540"]
[BlackElo "2445"]
[Result "0-1"]
[Round "05"]
[TimeControl "180+1"]
[Date "2022.07.05"]
[WhiteClock "0:00:37"]
[BlackClock "0:00:24"]

1. e4 c5 2. Nc3 Nc6 3. f4 g6 4. Nf3 Bg7 5. Bc4 e6 6. e5 d5 7. Bb5 Ne7 8. d3 a6 9. Bxc6+ Nxc6 10. O-O O-O 11. Qe2 f6 12. Na4 b6 13. exf6 Bxf6 14. Bd2 Qd6 15. Nxb6 Nd4 16. Nxd4 Bxd4+ 17. Kh1 Qxb6 18. c3 Bg7 19. b3 Qd6 20. Rae1 Bd7 21. c4 Rf7 22. Rf3 Raf8 23. Kg1 d4 24. a3 Bh6 25. b4 Bxf4 26. bxc5 Qc7 27. Bxf4 Rxf4 28. Rxf4 Rxf4 29. Qd2 Rf5 30. Qb2 Qxc5 31. Qb8+ Rf8 32. Qb7 Qf5 33. Qb1 Qf2+ 34. Kh1 Bc6 35. Rg1 Qe2 36. h3 Bxg2+ 37. Rxg2 Rf1+ 38. Rg1 0-1


[Site "https://www.chess.com"]

[Event "Titled Tuesday Blitz July 05 Late 2022"]
[White "Lobanov, Sergei"]
[Black "Wieczorek, Oskar"]
[WhiteFideId "24183750"]
[BlackFideId "1133950"]
[WhiteElo "2524"]
[BlackElo "2330"]
[Result "0-1"]
[Round "05"]
[TimeControl "180+1"]
[Date "2022.07.05"]
[WhiteClock "0:00:02"]
[BlackClock "0:00:01"]

1. e4 c5 2. Nf3 e6 3. d4 cxd4 4. Nxd4 Nf6 5. Nc3 d6 6. g4 e5 7. Nf5 h5 8. Bg5 hxg4 9. Bxf6 Qxf6 10. Nd5 Qd8 11. Bc4 Nc6 12. Qd3 g6 13. Nfe3 Be6 14. O-O-O a6 15. Kb1 b5 16. Bb3 Nd4 17. a3 Bh6 18. Ba2 Kf8 19. c3 Nf3 20. Nb4 Bxa2+ 21. Kxa2 Bxe3 22. Qxe3 Kg7 23. h3 Qg5 24. Qd3 a5 25. Nc6 Qf6 26. hxg4 Qe6+ 27. Ka1 Qxg4 28. Rhf1 b4 29. cxb4 axb4 30. Nxb4 Nd4 31. f3 Qe6 32. Nd5 Rhb8 33. Qc3 Rb3 34. Qc4 Rab8 35. Rf2 Qd7 36. f4 Qa7 37. fxe5 Rxa3+ 38. bxa3 Qxa3+ 39. Ra2 Nb3+ 40. Kb1 Nc1+ 41. Ka1 Nxa2 42. Qxa2 Qc5 43. Rb1 Rh8 44. exd6 Qd4+ 45. Qb2 Ra8# 0-1


[Site "https://www.chess.com"]

[Event "Titled Tuesday Blitz July 05 Late 2022"]
[White "Maksimovic, Bojan"]
[Black "Tica, Sven"]
[WhiteFideId "14408120"]
[BlackFideId "14526948"]
[WhiteElo "2453"]
[BlackElo "2346"]
[Result "0-1"]
[Round "05"]
[TimeControl "180+1"]
[Date "2022.07.06"]
[WhiteClock "0:00:01"]
[BlackClock "0:00:49"]

1. Nf3 g6 2. c4 Bg7 3. Nc3 d6 4. d4 Nd7 5. e4 e5 6. Be2 Ne7 7. O-O O-O 8. Bg5 h6 9. Be3 f5 10. dxe5 f4 11. exd6 fxe3 12. dxe7 Qxe7 13. fxe3 c6 14. Qc2 Nc5 15. Rad1 Bd7 16. e5 Bf5 17. Qc1 Rad8 18. Rxd8 Rxd8 19. Nd4 Bd3 20. Bxd3 Nxd3 21. Qc2 Nxe5 22. Qe4 Rd7 23. h3 Nxc4 24. Ne6 Nd2 25. Qxg6 Nxf1 26. Ne4 Qf7 27. Qxf7+ Kxf7 28. Nxg7 Rd1 29. Nf5 Nxe3+ 30. Kf2 Nxf5 31. g4 Nd6 32. Nc3 Rd2+ 33. Ke3 Rxb2 34. Kd4 Rh2 35. Ke5 Nc4+ 36. Kd4 Nb6 37. Ne4 Rxh3 38. g5 Rh4 39. gxh6 Kg6 40. Ke5 Nc4+ 41. Kd4 Nd6 42. Kc5 Nxe4+ 43. Kd4 Nf6+ 44. Ke5 Rxh6 0-1


[Site "https://www.chess.com"]

[Event "Titled Tuesday Blitz July 05 Late 2022"]
[White "Manelyuk, Daniil"]
[Black "Bjelobrk, Igor"]
[WhiteFideId "44173920"]
[BlackFideId "4300726"]
[WhiteElo "2209"]
[BlackElo "2335"]
[Result "0-1"]
[Round "05"]
[TimeControl "180+1"]
[Date "2022.07.06"]
[WhiteClock "0:00:05"]
[BlackClock "0:00:19"]

1. e4 e5 2. Nf3 Nc6 3. Bb5 a6 4. Ba4 Nf6 5. O-O Be7 6. Re1 b5 7. Bb3 d6 8. c3 O-O 9. h3 Nb8 10. d4 Nbd7 11. Nbd2 Bb7 12. Bc2 Re8 13. Nf1 Bf8 14. Ng3 g6 15. Bg5 h6 16. Bd2 Bg7 17. Qc1 Kh7 18. Nh2 d5 19. dxe5 Nxe4 20. Nxe4 dxe4 21. Bxe4 Bxe4 22. Rxe4 Nxe5 23. Qc2 Qd3 24. Qxd3 Nxd3 25. Rxe8 Rxe8 26. Rb1 Re2 27. Nf3 Rxf2 28. b3 g5 29. a4 f5 30. axb5 axb5 31. Be3 Re2 32. Bd4 g4 33. hxg4 fxg4 34. Nh4 Bxd4+ 35. cxd4 g3 36. Rd1 Nf4 37. Rf1 Re4 38. Nf5 Ne2+ 39. Kh1 Kg6 40. Rf3 Nxd4 41. Nxd4 Rxd4 42. Rxg3+ Kf5 43. Rc3 Rb4 44. Rxc7 Rxb3 45. Kg1 b4 46. Kf2 Rc3 47. Rb7 b3 48. Rb4 Ke5 49. Ke2 Kd5 50. g4 Kc5 51. Rb8 Rg3 52. Kf2 Rh3 53. Kg2 Rd3 54. Kf2 Kc4 55. Rc8+ Kb4 56. Rb8+ Kc3 57. Rc8+ Kd2 58. Rc6 b2 59. Rb6 Kc2 60. Rxb2+ Kxb2 0-1


[Site "https://www.chess.com"]

[Event "Titled Tuesday Blitz July 05 Late 2022"]
[White "Martin Carmona, Gaston Manuel"]
[Black "Yurasova, Daria"]
[WhiteFideId "22284567"]
[BlackFideId "34146919"]
[WhiteElo "2162"]
[BlackElo "2021"]
[Result "1-0"]
[Round "05"]
[TimeControl "180+1"]
[Date "2022.07.06"]
[WhiteClock "0:00:04"]
[BlackClock "0:00:08"]

1. d4 d5 2. c4 dxc4 3. Nf3 Nf6 4. e3 e6 5. Bxc4 a6 6. O-O b5 7. Be2 Nbd7 8. a4 b4 9. Nbd2 Bb7 10. Nc4 c5 11. a5 Qc7 12. Bd2 Be7 13. dxc5 Bxc5 14. Rc1 O-O 15. Qe1 Rab8 16. Nd4 Ba8 17. Bf3 Bxd4 18. Bxa8 Rxa8 19. Nb6 Bxb6 20. Rxc7 Bxc7 21. Bxb4 Rfb8 22. Bc3 Nd5 23. Qd2 N7f6 24. Bd4 Bd6 25. f3 Bb4 26. Qe2 Bxa5 27. e4 Ne7 28. Ra1 Bb6 29. Qe3 Bxd4 30. Qxd4 h6 31. h4 Rb7 32. g4 Rab8 33. Ra2 Rd7 34. Qa4 Ng6 35. g5 Rbd8 36. gxf6 Rd1+ 37. Kh2 Nxh4 38. Kg3 Ng6 39. b4 h5 40. fxg7 Kxg7 41. Qxa6 h4+ 42. Kg4 Rg1+ 43. Kh3 Rdd1 44. Rg2 Rh1+ 45. Kg4 Kf6 46. f4 h3 47. e5+ Kg7 48. Rf2 h2 49. Kh3 Rde1 50. Qd3 Rhg1 51. Kxh2 Rg4 52. Rf1 Rxf1 53. Qxf1 Rxf4 54. Qe2 Rf5 55. b5 Rxe5 56. Qb2 Kf8 57. b6 Rh5+ 58. Kg2 Rg5+ 59. Kf3 Rf5+ 60. Kg4 Ne5+ 61. Kh3 Rh5+ 62. Kg2 Rg5+ 63. Kf1 Rf5+ 64. Kg1 Nf3+ 65. Kh1 Rh5+ 66. Kg2 Nh4+ 67. Kg3 Nf5+ 68. Kg4 Rh4+ 69. Kg5 Ke7 70. b7 Rd4 71. Qxd4 Nxd4 72. b8=Q f6+ 73. Kg4 f5+ 74. Kg3 Kf6 75. Kf2 e5 76. Qh8+ Ke6 77. Qe8+ Kd5 78. Qd7+ Ke4 79. Qb7+ Kf4 80. Qh7 Ke4 81. Qh4+ f4 82. Qh7+ Kd5 83. Qd7+ Ke4 84. Qh7+ Kd5 85. Qf7+ Ke4 86. Qf6 Kd5 87. Qf7+ Ke4 88. Qg8 Kf5 89. Qg7 Ke4 90. Ke1 Kd5 91. Kd2 Ke4 92. Qg6+ Kd5 93. Kd3 Ne6 94. Qe4+ Kd6 95. Kc4 Ke7 96. Qxe5 Kf7 97. Kd5 Ng7 98. Qxf4+ Kg6 99. Ke5 Kh7 100. Qg3 Nh5 101. Qh4 Kh6 102. Kf5 1-0


[Site "https://www.chess.com"]

[Event "Titled Tuesday Blitz July 05 Late 2022"]
[White "Meshkovs, Nikita"]
[Black "Przybylski, Wojciech"]
[WhiteFideId "11602740"]
[BlackFideId "1117599"]
[WhiteElo "2506"]
[BlackElo "2133"]
[Result "1-0"]
[Round "05"]
[TimeControl "180+1"]
[Date "2022.07.05"]
[WhiteClock "0:00:03"]
[BlackClock "0:00:04"]

1. c4 e5 2. Nc3 Nf6 3. Nf3 Nc6 4. e4 Be7 5. d3 O-O 6. Be2 d6 7. O-O Bg4 8. Be3 Bxf3 9. Bxf3 Nd7 10. g3 Re8 11. Bg2 Nd4 12. Bxd4 exd4 13. Ne2 Bf6 14. f4 c6 15. g4 g6 16. Ng3 Rb8 17. g5 Bg7 18. a4 a5 19. h4 b5 20. axb5 cxb5 21. cxb5 Rxb5 22. Rf2 Qb6 23. Ra2 Nc5 24. h5 Rb3 25. Bf1 a4 26. hxg6 hxg6 27. Rh2 a3 28. bxa3 Rb1 29. Qc2 Rb8 30. a4 Qb4 31. Rf2 Qe1 32. a5 Na6 33. Qd2 Qe3 34. Kg2 R8b5 35. Re2 Qxd2 36. Rexd2 Bf8 37. Ne2 Bg7 38. Kf2 Rc5 39. Bg2 Rbb5 40. Rdc2 Rxa5 41. Rxa5 Rxa5 42. Rc8+ Kh7 43. Rd8 Nc5 44. Rxd6 Nxd3+ 45. Kg3 Ra3 46. Bf3 Ne1 47. Ng1 Nxf3 48. Nxf3 Re3 49. e5 d3 50. Rd7 Kg8 51. Rd8+ Bf8 52. Kg4 Kg7 53. Nd2 Bb4 54. Nc4 Re4 55. Nb6 Re3 56. Nd5 Re4 57. Nf6 Rxf4+ 58. Kxf4 Bf8 59. Rxd3 Kh8 60. Ke4 Bh6 61. Rh3 Kg7 62. Rxh6 Kf8 63. Rh8+ Ke7 64. Re8# 1-0


[Site "https://www.chess.com"]

[Event "Titled Tuesday Blitz July 05 Late 2022"]
[White "Nguyen, Quoc Hy"]
[Black "Hansen, Eric"]
[WhiteFideId "12410853"]
[BlackFideId "2606771"]
[WhiteElo "1938"]
[BlackElo "2568"]
[Result "0-1"]
[Round "05"]
[TimeControl "180+1"]
[Date "2022.07.05"]
[WhiteClock "0:00:03"]
[BlackClock "0:00:43"]

1. d4 g6 2. Nf3 Bg7 3. Bf4 b6 4. e4 Bb7 5. Bd3 d6 6. O-O e6 7. Qe2 Nd7 8. h3 a6 9. Bg3 Ne7 10. c4 O-O 11. Nc3 Nc6 12. d5 Nd4 13. Nxd4 Bxd4 14. Qd2 Nc5 15. b4 Nxd3 16. Qxd3 Qf6 17. Rac1 a5 18. b5 e5 19. Kh1 Qe7 20. Ne2 Bc5 21. f4 exf4 22. Bxf4 Qh4 23. e5 Rae8 24. exd6 cxd6 25. Nd4 Bc8 26. Nb3 Ba3 27. Rcd1 Bf5 28. Qc3 Bb4 29. Qg3 Qxg3 30. Bxg3 Bc2 31. Rc1 Bxb3 32. axb3 Re3 33. Rf3 Rxf3 34. gxf3 Re8 35. Bf2 Re2 36. Bxb6 Rb2 37. Bd4 Rxb3 38. b6 f5 39. Kg2 Kf7 40. c5 dxc5 41. Bxc5 Rb2+ 42. Kg3 Bd2 43. Rd1 g5 44. h4 Bf4+ 0-1


[Site "https://www.chess.com"]

[Event "Titled Tuesday Blitz July 05 Late 2022"]
[White "Olenik Campa, Rudi"]
[Black "Milanovic, Marko"]
[WhiteFideId "14633264"]
[BlackFideId "980129"]
[WhiteElo "2066"]
[BlackElo "2151"]
[Result "1-0"]
[Round "05"]
[TimeControl "180+1"]
[Date "2022.07.06"]
[WhiteClock "0:00:05"]
[BlackClock "0:00:06"]

1. e4 c5 2. Nf3 Nc6 3. Bb5 d6 4. O-O Bd7 5. c3 a6 6. Be2 Nf6 7. d3 g6 8. Re1 Bg7 9. Nbd2 O-O 10. a4 b5 11. Nf1 b4 12. Ne3 a5 13. Nc4 Be6 14. Bf1 bxc3 15. bxc3 Bxc4 16. dxc4 Nd7 17. Qc2 Rb8 18. Be3 Qc7 19. Reb1 Rxb1 20. Rxb1 Rb8 21. Bd2 Rxb1 22. Qxb1 Na7 23. Qb3 Qb6 24. Qc2 Nc6 25. Bd3 Nde5 26. Nxe5 Nxe5 27. Be2 Nc6 28. Bd3 Qb7 29. f4 Nb8 30. Qb1 Qxb1+ 31. Bxb1 Nd7 32. Bc2 e6 33. Kf2 Kf8 34. Ke3 Ke7 35. Kd3 f5 36. g3 Nf6 37. exf5 gxf5 38. h3 Ne4 39. Be1 d5 40. Bd1 Nd6 41. cxd5 exd5 42. Kc2 Ne4 43. Bf3 Ke6 44. Be2 Kd6 45. c4 d4 46. Bxa5 Nxg3 47. Bd3 Nh5 48. Bd2 Bh6 49. Bxf5 Bxf4 50. Bxh7 Bxd2 51. Kxd2 Nf4 52. Bf5 Kc6 53. h4 Kb6 54. Bg4 Ka5 55. h5 Kxa4 56. h6 Ng6 57. Bf5 Nh8 58. Kd3 Kb4 59. Be6 Kb3 60. h7 Kb4 61. Bd5 Kb3 62. Bg2 Kb4 63. Bf1 Nf7 64. Be2 Ne5+ 65. Ke4 Nf7 66. Kd5 Kc3 67. Kxc5 d3 68. Bxd3 Kxd3 69. Kb5 Kd4 70. c5 Kd5 71. Kb6 Ke6 72. c6 Kf6 73. c7 Kg7 74. c8=Q Kxh7 75. Qc7 Kg7 76. Kc5 Kf6 77. Qf4+ Ke6 78. Kd4 Nd6 79. Qe5+ Kd7 80. Kd5 Ne8 81. Qf5+ Ke7 82. Qh7+ Kd8 83. Ke5 Nc7 84. Kd6 Ne8+ 85. Kc6 Nf6 86. Qf7 Ne8 87. Qd7# 1-0


[Site "https://www.chess.com"]

[Event "Titled Tuesday Blitz July 05 Late 2022"]
[White "Paravyan, David"]
[Black "Freitag, Manfred"]
[WhiteFideId "4194985"]
[BlackFideId "1602004"]
[WhiteElo "2569"]
[BlackElo "2292"]
[Result "1-0"]
[Round "05"]
[TimeControl "180+1"]
[Date "2022.07.05"]
[WhiteClock "0:01:10"]
[BlackClock "0:01:51"]

1. e4 c5 2. Nf3 d6 3. d4 cxd4 4. Nxd4 Nf6 5. Nc3 a6 6. Bg5 e6 7. f4 Be7 8. Qf3 Qc7 9. O-O-O Nbd7 10. Bd3 h6 11. Bxf6 Bxf6 12. e5 dxe5 13. Nxe6 fxe6 14. Bg6+ Ke7 15. Rhe1 Nb6 16. fxe5 Bg5+ 17. Kb1 Rf8 18. Qg3 Bf4 19. Qh4+ Bg5 20. Qb4+ 1-0


[Site "https://www.chess.com"]

[Event "Titled Tuesday Blitz July 05 Late 2022"]
[White "Poltorak, Sebastian"]
[Black "Makarian, Rudik"]
[WhiteFideId "1199498"]
[BlackFideId "44105681"]
[WhiteElo "2104"]
[BlackElo "2403"]
[Result "0-1"]
[Round "05"]
[TimeControl "180+1"]
[Date "2022.07.05"]
[WhiteClock "0:00:08"]
[BlackClock "0:00:13"]

1. d4 Nf6 2. c4 g6 3. f3 Bg7 4. e4 d6 5. Ne2 c6 6. Be3 O-O 7. Nec3 e5 8. d5 Nh5 9. Qd2 f5 10. Be2 c5 11. Na3 a6 12. Nc2 Nf4 13. Bf1 Nd7 14. O-O-O Kh8 15. g3 Nh5 16. Be2 Ndf6 17. Rdg1 fxe4 18. Nxe4 Nxe4 19. fxe4 Nf6 20. Bd3 Ng4 21. Bg5 Qxg5 22. Qxg5 Bh6 23. Qxh6 Nxh6 24. Kd2 Bd7 25. h3 Kg7 26. g4 Rf4 27. Rf1 Nf7 28. Ke3 b5 29. b3 g5 30. Ne1 b4 31. Ng2 a5 32. Nxf4 exf4+ 33. Kd2 Ne5 34. Bc2 h6 35. Ra1 a4 36. Bd3 a3 37. Raf1 Rh8 38. Be2 Be8 39. Rhg1 Bg6 40. Bd3 Re8 41. h4 Nxd3 42. Kxd3 Rxe4 43. hxg5 hxg5 44. Kd2 Rd4+ 45. Kc1 Rd3 46. Rd1 Rc3+ 47. Kd2 Rc2+ 48. Ke1 Rxa2 49. Rd2 Ra1+ 50. Rd1 Rxd1+ 51. Kxd1 a2 52. Kd2 Bb1 0-1


[Site "https://www.chess.com"]

[Event "Titled Tuesday Blitz July 05 Late 2022"]
[White "Premnath, R."]
[Black "Toncheva, Nadya"]
[WhiteFideId "5021928"]
[BlackFideId "2924056"]
[WhiteElo "2616"]
[BlackElo "1888"]
[Result "1-0"]
[Round "05"]
[TimeControl "180+1"]
[Date "2022.07.06"]
[WhiteClock "0:00:05"]
[BlackClock "0:00:01"]

1. d4 Nf6 2. c4 e6 3. Nf3 c5 4. d5 exd5 5. cxd5 d6 6. Nc3 g6 7. e4 a6 8. a4 Bg4 9. Bf4 Qe7 10. Bd3 Bg7 11. h3 Bxf3 12. Qxf3 Nbd7 13. Qd1 O-O 14. O-O Rac8 15. a5 c4 16. Bc2 Nc5 17. Re1 Nfd7 18. Qe2 Nb3 19. Bxb3 cxb3 20. Bd2 Ne5 21. Ra3 Nc4 22. Rxb3 Nxa5 23. Rb4 b5 24. Nxb5 axb5 25. Qxb5 Rc5 26. Qa6 Rfc8 27. Ra1 Nc4 28. Bc3 Bxc3 29. bxc3 Qxe4 30. Qb7 Qxd5 31. Qe7 Qe5 32. Qh4 Qxc3 33. Raa4 Nb2 34. Ra7 Qe1+ 35. Kh2 Qe5+ 36. f4 Qg7 37. Rbb7 Rf8 38. Qe7 Nd3 39. Qxd6 Rc3 40. Rb8 Rxb8 41. Qxb8+ Qf8 42. Qb7 Rc8 43. Qd5 Nc5 44. f5 gxf5 45. Qxf5 Ne6 46. Qg4+ Ng7 47. h4 Qd6+ 48. Kh3 Rc3+ 49. g3 Qe6 50. Ra8+ Rc8 51. Rxc8+ Qxc8 52. Qxc8+ 1-0


[Site "https://www.chess.com"]

[Event "Titled Tuesday Blitz July 05 Late 2022"]
[White "Riehle, Marco"]
[Black "Hakobyan, Aram"]
[WhiteFideId "12904392"]
[BlackFideId "13306677"]
[WhiteElo "2462"]
[BlackElo "2557"]
[Result "1/2-1/2"]
[Round "05"]
[TimeControl "180+1"]
[Date "2022.07.05"]
[WhiteClock "0:00:44"]
[BlackClock "0:00:09"]

1. e4 c5 2. a3 g6 3. h4 h5 4. Nc3 Bg7 5. Bc4 Nc6 6. d3 e6 7. Bg5 Nge7 8. Qd2 a6 9. Nge2 b5 10. Bb3 d6 11. O-O Qd7 12. Rad1 Bb7 13. a4 b4 14. Nb1 Na5 15. d4 c4 16. Ba2 Qxa4 17. d5 e5 18. f4 c3 19. bxc3 Qxa2 20. cxb4 Nc4 21. Qc3 f6 22. f5 fxg5 23. f6 O-O 24. hxg5 Rf7 25. fxg7 Rxg7 26. Nd2 Nxd2 27. Rxd2 Rc8 28. Qh3 Qc4 29. Qe6+ Kh8 30. Rf7 Rxf7 31. Qxf7 Qxe4 32. Qxe7 Qe3+ 33. Kh2 Qxd2 34. Qf6+ Kg8 35. Qxg6+ Kh8 36. Qxh5+ Kg8 37. Qg6+ Kf8 38. Qf6+ Kg8 39. Qg6+ Kh8 40. Qh6+ Kg8 41. Qg6+ 1/2-1/2


[Site "https://www.chess.com"]

[Event "Titled Tuesday Blitz July 05 Late 2022"]
[White "Roman, Rodrigo"]
[Black "Nazaretyan, Tigran"]
[WhiteFideId "3701220"]
[BlackFideId "24162345"]
[WhiteElo "2001"]
[BlackElo "2179"]
[Result "0-1"]
[Round "05"]
[TimeControl "180+1"]
[Date "2022.07.06"]
[WhiteClock "0:00:25"]
[BlackClock "0:00:07"]

1. e4 c5 2. Nf3 Nc6 3. Bb5 g6 4. c3 Nf6 5. Bxc6 dxc6 6. Qe2 Bg7 7. O-O O-O 8. Re1 e5 9. Rd1 Qc7 10. d4 cxd4 11. cxd4 exd4 12. Nxd4 Re8 13. Nc3 Bd7 14. f3 Rad8 15. Be3 Bc8 16. Rac1 Qb8 17. Qf2 a6 18. Nde2 Be6 19. Nf4 Rxd1+ 20. Rxd1 Bc8 21. Nd3 Nd7 22. Bd4 Bf8 23. Nc5 Nxc5 24. Bxc5 Bg7 25. Bd4 Bf8 26. Bc5 Be6 27. Bxf8 Rxf8 28. Qd4 h5 29. b3 Qf4 30. Ne2 Qg5 31. Qd2 Qe7 32. Nf4 h4 33. Nxe6 Qxe6 34. Qd7 Qf6 35. Qxb7 h3 36. Qc7 hxg2 37. Qg3 Rd8 38. Rxd8+ Qxd8 39. Qxg2 Qd4+ 40. Qf2 Qa1+ 41. Kg2 a5 42. Qc2 Qf6 43. Qd2 c5 44. Qxa5 Qg5+ 45. Kf2 Qh4+ 46. Ke3 Qxh2 47. Qd2 Qg1+ 48. Kd3 Qb1+ 49. Kc4 Qf1+ 50. Kxc5 Qxf3 51. Qd8+ Kh7 52. Qd4 Qe2 53. Qc4 Qxa2 54. Qxf7+ Kh6 55. Qf8+ Kh7 56. Qf7+ Kh6 57. Qf4+ Kg7 58. Qc7+ Kh6 59. Qf4+ Kg7 60. Qe3 Qa7+ 61. Kd5 Qxe3 62. e5 Qxb3+ 63. Kd6 Kf7 64. e6+ Qxe6+ 65. Kc5 g5 66. Kd4 g4 67. Kc5 g3 68. Kd4 g2 69. Kc5 g1=Q+ 70. Kb4 Qc1 71. Ka4 Qa2+ 72. Kb4 Qab2+ 73. Ka4 Qca1# 0-1


[Site "https://www.chess.com"]

[Event "Titled Tuesday Blitz July 05 Late 2022"]
[White "Rosen, Eric"]
[Black "Koc, Przemyslaw"]
[WhiteFideId "2032562"]
[BlackFideId "1109081"]
[WhiteElo "2362"]
[BlackElo "2134"]
[Result "0-1"]
[Round "05"]
[TimeControl "180+1"]
[Date "2022.07.06"]
[WhiteClock "0:00:01"]
[BlackClock "0:00:12"]

1. d4 f5 2. Bf4 g6 3. g4 fxg4 4. h3 d5 5. Nc3 Nf6 6. hxg4 Bxg4 7. f3 Bf5 8. Be5 Nbd7 9. e4 dxe4 10. fxe4 Bg4 11. Be2 Bxe2 12. Qxe2 Bg7 13. Nf3 c6 14. O-O-O e6 15. Bd6 Qa5 16. Qc4 O-O-O 17. Qxe6 Rhe8 18. Qf7 Bf8 19. Bxf8 Rxf8 20. Qb3 Rde8 21. Nd2 Qc7 22. e5 Nd5 23. Nxd5 cxd5 24. Rxh7 Qc6 25. Kb1 Rf2 26. Qd3 Ref8 27. Nb3 Nb6 28. Nc5 Nc4 29. Qh3+ Kb8 30. Nd7+ Ka8 31. Qb3 Nd2+ 32. Kc1 Nxb3+ 33. axb3 Qxc2# 0-1


[Site "https://www.chess.com"]

[Event "Titled Tuesday Blitz July 05 Late 2022"]
[White "Rustemov, Alexander"]
[Black "Veiga, Jose Francisco R P Neves"]
[WhiteFideId "4119002"]
[BlackFideId "1930087"]
[WhiteElo "2731"]
[BlackElo "2288"]
[Result "1-0"]
[Round "05"]
[TimeControl "180+1"]
[Date "2022.07.05"]
[WhiteClock "0:01:29"]
[BlackClock "0:00:10"]

1. d4 Nf6 2. c4 g6 3. Nf3 Bg7 4. g3 O-O 5. Bg2 c6 6. Nc3 d5 7. Qb3 Qb6 8. O-O Rd8 9. Bf4 dxc4 10. Qxc4 Be6 11. Qd3 Na6 12. Qc2 Nb4 13. Qc1 Nfd5 14. Be5 f6 15. Bf4 Nxf4 16. Qxf4 Nd5 17. Qd2 Bf7 18. e3 Qa5 19. Rfd1 Rac8 20. a3 Nxc3 21. bxc3 c5 22. Qb2 b6 23. a4 Bd5 24. Nd2 Bxg2 25. Kxg2 cxd4 26. cxd4 e5 27. dxe5 f5 28. Nf3 h6 29. Qb3+ Kh7 30. h4 Rxd1 31. Rxd1 Qc3 32. Qxc3 Rxc3 33. Rd7 1-0


[Site "https://www.chess.com"]

[Event "Titled Tuesday Blitz July 05 Late 2022"]
[White "Salem, A.R. Saleh"]
[Black "Vasquez Schroeder, Rodrigo"]
[WhiteFideId "9301348"]
[BlackFideId "3400042"]
[WhiteElo "2679"]
[BlackElo "2567"]
[Result "1-0"]
[Round "05"]
[TimeControl "180+1"]
[Date "2022.07.05"]
[WhiteClock "0:00:06"]
[BlackClock "0:00:01"]

1. d4 Nf6 2. c4 g6 3. Nc3 Bg7 4. e4 d6 5. h3 O-O 6. Be3 c5 7. Nf3 Qa5 8. Bd3 Nc6 9. d5 Nb4 10. Bb1 e5 11. g4 h5 12. Nh2 Bd7 13. Kf1 b5 14. cxb5 Bxb5+ 15. Kg2 Bd7 16. a3 Na6 17. Bd3 Nc7 18. Qe2 Rfb8 19. Rhb1 Nb5 20. Nxb5 Bxb5 21. b4 Bxd3 22. Qxd3 cxb4 23. axb4 Qb5 24. Qxb5 Rxb5 25. f3 hxg4 26. hxg4 a5 27. bxa5 Rxb1 28. Rxb1 Rxa5 29. Rb8+ Kh7 30. Rb7 Kg8 31. Nf1 Ra2+ 32. Kg3 Ra3 33. Kf2 Ra2+ 34. Ke1 Nh7 35. Rb8+ Bf8 36. Bh6 f6 37. Nd2 Kf7 38. Bxf8 Nxf8 39. Rb7+ Ke8 40. Nc4 Ra6 41. Rg7 g5 42. Ne3 Nd7 43. Nf5 Nc5 44. Re7+ Kd8 45. Rf7 Nd7 46. Kd2 Kc7 47. Ng7 Ra2+ 48. Ke3 Ra3+ 49. Kf2 Kc8 50. Kg3 Nc5 51. Ne8 Nxe4+ 52. Kg2 Ra2+ 53. Kg1 Kd8 54. Ng7 Nd2 55. Rxf6 Ke7 56. Rf5 Nc4 57. Rxg5 Ne3 58. Nf5+ Kf6 59. Rh5 Nxd5 60. Nxd6 Nf4 61. Ne4+ Ke6 62. Rh6+ Kd5 63. Rd6+ Kc4 64. g5 Rg2+ 65. Kf1 Rh2 66. Rd8 Rh1+ 67. Kf2 Rh2+ 68. Kg3 Rg2+ 69. Kh4 Rg1 70. Rd7 Rg2 71. Rd6 Rg1 72. Rd8 Rg2 73. Rd7 Rg1 74. Nf6 Ng6+ 75. Kh5 Nf4+ 76. Kh6 Kc5 77. Ne4+ Kc4 78. Rd6 Rf1 79. g6 Nxg6 80. Kxg6 Rxf3 81. Ng5 Rf4 82. Re6 Kd5 83. Re8 Rf1 84. Rd8+ Kc4 85. Ne4 Rf4 86. Nf6 Kc5 87. Kg5 Rf1 88. Ne4+ Kc4 89. Ng3 Kc3 90. Nxf1 e4 91. Kf4 1-0


[Site "https://www.chess.com"]